 Dungeon Crawl Stone Soup version 0.18.1-47-g9310371 (webtiles) character file.

193 MistressOfTheDunes the Insei (level 5, -3/42 HPs)
             Began as a Mummy Monk on June 23, 2016.
             Slain by Natasha (5 damage)
             ... on level 1 of the Dungeon.
             The game lasted 00:04:34 (3855 turns).

MistressOfTheDunes the Insei (Mummy Monk)           Turns: 3855, Time: 00:04:35

Health: -3/42      AC:  0    Str: 15    XL:     5   Next: 43%
Magic:  5/5        EV: 13    Int:  9    God:
Gold:   109        SH:  0    Dex: 15    Spells: 0 memorised, 4 levels left

rFire  x . .     SeeInvis .       - Unarmed
rCold  + . .     Gourm    .     (no armour)
rNeg   + + +     Faith    .     (no shield)
rPois  ∞         Spirit   .     (no helmet)
rElec  .         Dismiss  .     (no cloak)
rCorr  .         Reflect  .     (no gloves)
SustAt .         Harm     .     (no boots)
MR     .....                    (no amulet)
Stlth  ++........               (no ring)
                                (no ring)

@: not resistant to hostile enchantments, unstealthy
A: no food or potions, fire vulnerability, cold resistance 1, negative energy
resistance 3, torment resistance, unbreathing
a: no special abilities


You were on level 1 of the Dungeon.
You were not hungry.

You visited 1 branch of the dungeon, and saw 3 of its levels.

You collected 109 gold pieces.


Innate Abilities, Weirdness & Mutations

You do not eat or drink.
Your flesh is vulnerable to fire.
You are immune to poison.
Your flesh is cold resistant.
You are immune to negative energy.
You are immune to unholy pain and torment.
You can survive without breathing.


   Skills:
 + Level 4.2 Fighting
 - Level 2.4 Dodging
 - Level 1.5 Stealth
 - Level 5.0 Unarmed Combat


You had 4 spell levels left.
You didn't know any spells.

Inventory:

Scrolls
 a - 2 scrolls of identify {unknown}
 b - a scroll of random uselessness {unknown}
 c - a scroll of fear {unknown}
 d - a scroll of teleportation {unknown}
 e - a scroll of amnesia {unknown}

Dungeon Overview and Level Annotations

Branches:
Dungeon (3/15)

Altars:
Ashenzari
Cheibriados
Nemelex Xobeh

Annotations:
D:1 Natasha
D:2 Crazy Yiuf

▒▒▒▒▒▒▒▒ ▒▒▒▒▒▒......▒▒
▒▒▒▒▒▒▒▒▒.............
▒...hM>>..............
▒.▒▒▒▒▒...........▒...
▒†....h...........▒...
▒.................▒...
▒▒.................▒...
▒..................▒...
▒....▒▒▒....).......▒▒▒
▒........▒▒.........▒▒▒
▒...........h.(........


You could see Natasha.


Message History

You resist with some effort!
There is an escape hatch in the floor, spattered with blood here!
You see here a club!
You barely miss Natasha! Natasha claws you!
You pulverise Natasha!
Natasha is lightly wounded!
Natasha claws you!
You beat Natasha but do no damage!
Natasha is lightly wounded!
Natasha stares at you and mumbles some strange words!
The magic dart hits you!!! * * * don't die
* * * You closely miss Natasha!
Natasha is lightly wounded!
You squash Natasha like an ant!
Natasha is heavily wounded!
Natasha claws you!!! * * * don't die
* * * You barely miss Natasha!
Natasha is heavily wounded!
Natasha hisses!
Natasha misses you!
You pulverise Natasha but do no damage!
Your punch misses Natasha!
Natasha is heavily wounded!
Natasha claws you!!! * * * don't die
* * * You squash Natasha like an ant!
Natasha is almost dead!
Natasha claws you! rip

Action                   |  1- 3 |  4- 6 || total
-------------------------+-------+-------++-------
Melee: Unarmed           |    95 |   149 ||   244
       Punch             |     1 |     4 ||     5
 Stab: Sleeping          |     2 |     1 ||     3
Dodge: Dodged            |    54 |    89 ||   143

Vault maps used:
D:1:      roderic_crop_circles_arrival_small
D:2:      old_standard_altar, lemuel_crystal_altar, first_bread,
          lemuel_statue_altar, uniq_jessica, uniq_natasha,
          uniq_crazy_yiuf_cottage
D:3:      nicolae_overflow_crystal_walls

Notes
Turn   | Place    | Note
--------------------------------------------------------------
     0 | D:1      | MistressOfTheDunes the Mummy Monk began the quest for the Orb.
     0 | D:1      | Reached XP level 1. HP: 18/18 MP: 1/1
   526 | D:1      | Reached XP level 2. HP: 24/24 MP: 2/2
   791 | D:2      | Reached skill level 4 in Unarmed Combat
   901 | D:2      | Noticed Jessica
   907 | D:2      | Killed Jessica
   907 | D:2      | Reached XP level 3. HP: 26/29 MP: 3/3
  1385 | D:2      | Reached XP level 4. HP: 31/35 MP: 4/4
  1529 | D:2      | Found a shattered altar of Ashenzari.
  1572 | D:2      | Noticed Natasha
  1579 | D:2      | Killed Natasha
  1698 | D:2      | Reached skill level 5 in Unarmed Combat
  1813 | D:2      | Found a sparkling altar of Nemelex Xobeh.
  1974 | D:2      | Found a snail-covered altar of Cheibriados.
  2396 | D:2      | Noticed Crazy Yiuf
  2435 | D:2      | Noticed Natasha
  2480 | D:2      | HP: 3/35 [Crazy Yiuf/quarterstaff of chaos (3)]
  2836 | D:1      | Killed Natasha
  2836 | D:1      | Reached XP level 5. HP: 23/41 MP: 5/5
  3418 | D:2      | Reached skill level 4 in Fighting
  3823 | D:1      | Noticed Natasha
  3854 | D:1      | HP: 2/42 [Natasha (8)]
  3855 | D:1      | Slain by Natasha

Vanquished Creatures
  Jessica (D:2)
  Natasha (twice) (D:2 D:1)
  6 adders
  An ooze (D:2)
  3 worms (D:2)
  4 orcs
  2 ball pythons (D:1)
  5 giant cockroaches
  3 hobgoblins
  2 jackals (D:2)
  4 kobolds
  5 bats
  A giant newt (D:2)
  9 goblins
  3 rats
51 creatures vanquished.
